 Dungeon Crawl Stone Soup version 0.31-a0-740-g87205ac768 (webtiles) character file.

Game seed: 757322781657619851

20 MackTheKnife the Trooper (level 3, -3/34 HPs)
             Began as a Meteoran Wanderer on Sept 12, 2023.
             Slain by a kobold
             ... wielding a +0 whip
              (5 damage)
             ... on level 2 of the Dungeon.
             The game lasted 00:01:05 (486 turns).

MackTheKnife the Trooper (Meteoran Wanderer)         Turns: 486, Time: 00:01:05

Health: -3/34      AC:  3    Str: 15    XL:     3   Next: 14%
Magic:  9/9        EV: 10    Int: 12    God:
Gold:   24         SH:  7    Dex: 15    Spells: 9/10 levels left

rFire   . . .        a - +0 club {mace}
rCold   . . .        e - +2 buckler
rNeg    . . .        d - +0 leather armour
rPois   .            (no helmet)
rElec   .            (no cloak)
rCorr   .            (no gloves)
SInv    .            (no boots)
Will    .....        (no amulet)
Stlth   +            (no ring)
HPRegen 0.25/turn    (no ring)
MPRegen 0.11/turn

%: no passive effects
@: glowing
A: sense surroundings 1, otherworldly, glowing, explore regen
a: no special abilities


You were on level 2 of the Dungeon.
You visited 1 branch of the dungeon, and saw 2 of its levels.

You collected 24 gold pieces.


Innate Abilities, Weirdness & Mutations

You passively map a small area around you.
You are easily found by Zot.
You glow in the dark.
You regain HP and MP as you explore.


   Skills:
 + Level 4.4 Fighting
 - Level 1.1 Armour
 - Level 3.2 Shields
 - Level 4.0 Spellcasting


You had 9 spell levels left.
You knew the following spells:

 Your Spells              Type           Power      Damage    Failure   Level
a - Sting                 Tmut/Pois      8%         1d3       34%         1

Your spell library contained the following spells:

 Spells                   Type           Power      Damage    Failure   Level
 Call Canine Familiar     Summ           2%         N/A       71%         3
 Mephitic Cloud           Conj/Pois/Air  2%         N/A       71%         3
 Sigil of Binding         Hex            2%         N/A       71%         3
 Stone Arrow              Conj/Erth      4%         3d7       71%         3
 Animate Armour           Summ/Erth      4%         N/A       98%         4
 Dimensional Bullseye     Hex/Tloc       1%         N/A       98%         4
 Leda's Liquefaction      Hex/Erth       1%         N/A       98%         4
 Lehudib's Crystal Spear  Conj/Erth      1%         10d2      100%        8

Inventory:

Hand Weapons
 a - a +0 club (weapon) {mace}
Armour
 d - a +0 leather armour (worn)
 e - a +2 buckler (worn)
Scrolls
 f - a scroll of teleportation {unknown}
 g - 2 scrolls of enchant armour {unknown}
Potions
 b - a potion of curing {@q1}
 c - a potion of lignification {!q}
 h - a potion of magic {unknown}
 i - a potion of enlightenment {unknown}
 j - a potion of heal wounds {unknown}

Dungeon Overview and Level Annotations

Branches:
Dungeon (2/15) Zot: 689

Altars:

,#....., , , ## +.....
..,#.# ... ..
+..[.P.P..#.###...### *
.P....#..#<##.......
*,........#.##..#####
.##.#.P##.##.##..# # *
.................# #
##.######.##.......#####
*
......$@K..............#
##.######.##......)###.#
* ** ####.......# #.. ,
, ..........#.#### * *
*######.#.###.... #.##.#
#### #.# ..#* #.#*... .
#.#*.### ##


You could see a kobold.


Message History

You take 1 damage, and now have 27/33 hp.
You hit the rat. The rat closely misses you. 😕 HP[+1]
You barely miss the rat. The rat barely misses you.
The rat bites you but does no damage.
You barely miss the rat. You block the rat's attack.
You barely miss the rat. The rat bites you but does no damage.
You block the rat's attack. 😕 HP[+1]
You hit the rat. The rat misses you.
You hit the rat.
You kill the rat!
No target in view!
No target in view!
A goblin comes into view. It is wielding a +0 dagger.
The goblin shouts! 😎 HP[+4]
Your hp is fully restored (33).
A goblin is nearby!
A goblin is nearby!
The goblin completely misses you.
You closely miss the goblin. The goblin barely misses you.
The goblin hits you but does no damage.
You closely miss the goblin. The goblin hits you but does no damage.
You hit the goblin.
You kill the goblin! 😎 HP[+1]
You now have 34 max hp (+1).
Your hp is fully restored (34).
No target in view!
No target in view!
No target in view!
No target in view!
No target in view!
No target in view!
Found a stone staircase leading up.
g - 2 scrolls labelled UKYEJAMMACS (gained 1)
A hobgoblin comes into view.
The hobgoblin shouts!
The hobgoblin moves out of view.
j - a pink potion A hobgoblin is nearby!
The hobgoblin hits you. 😕 HP[-2]
You take 2 damage, and now have 32/34 hp.
You hit the hobgoblin but do no damage.
A kobold comes into view. It is wielding a +0 whip.
The hobgoblin hits you.
The hobgoblin closely misses you. 😕 HP[-3]
You take 3 damage, and now have 29/34 hp.
The kobold shouts!
You hit the hobgoblin. The hobgoblin hits you. 😮 HP[-4]
You take 4 damage, and now have 25/34 hp.
You are too injured to fight recklessly!
You are too injured to fight recklessly!
You are too injured to fight recklessly!
You are too injured to fight recklessly!
You are too injured to fight recklessly!
You are too injured to fight recklessly!
You are too injured to fight recklessly!
You hit the hobgoblin. The hobgoblin hits you. 😮 HP[-2]
You take 2 damage, and now have 23/34 hp.
You hit the hobgoblin.
You kill the hobgoblin!
You block the kobold's attack.
You closely miss the kobold. You block the kobold's attack.
You hit the kobold but do no damage.
The kobold hits you with a +0 whip. 😮 HP[-4]
You take 4 damage, and now have 19/34 hp.
You hit the kobold. The kobold hits you with a +0 whip.
* * * LOW HITPOINT WARNING * * *
The kobold hits you with a +0 whip.
* * * LOW HITPOINT WARNING * * *
😨 HP[-7]
You take 7 damage, and now have 12/34 hp.
MASSIVE DAMAGE!! (PAUSE)
You barely miss the kobold. The kobold hits you with a +0 whip.
* * * LOW HITPOINT WARNING * * *
😨 HP[-2]
You take 2 damage, and now have 10/34 hp.
You hit the kobold. You block the kobold's attack.
The kobold closely misses you. 😨 HP[+1]
You barely miss the kobold. You block the kobold's attack.
You barely miss the kobold. The kobold hits you with a +0 whip.
* * * LOW HITPOINT WARNING * * *
😱 HP[-3]
You take 3 damage, and now have 8/34 hp.
You closely miss the kobold. The kobold closely misses you. 😨 HP[+1]
You barely miss the kobold. The kobold hits you with a +0 whip.
* * * LOW HITPOINT WARNING * * *
The kobold hits you with a +0 whip.
* * * LOW HITPOINT WARNING * * *
😱 HP[-8]
You take 8 damage, and now have 1/34 hp.
MASSIVE DAMAGE!! (PAUSE)
The kobold attacks as it pursues you! The kobold hits you with a +0 whip.
You die...

Skill      XL: |  1  2 |
---------------+-------+-----
Fighting       | 4 |  4.4
Armour         | |  1.1
Shields        | |  3.2
Spellcasting   | |  4.0

Action                     || total
---------------------------++-------
  Melee: Club              ||    69
 Armour: Leather armour    ||    44
  Dodge: Dodged            ||    28
  Block: Buckler           ||    24

Levels and vault maps discovered:
D:1:      saegor_arrival_miasma, layout_loops_ring, nicolae_eternal_life
D:2:      cheibrodos_old_hovel, layout_loops_ring, hangedman_decor_peaks_small,
          minivault_14, lexackson_kobold_supper

Notes
Turn   | Place    | Note
-------+----------+-------------------------------------------
     0 | D:1      | MackTheKnife the Meteoran Wanderer began the quest for the
                  | Orb.
     0 | D:1      | MackTheKnife set off with the following items: a +0 club
                  | {mace}, a potion of curing {@q1}, a potion of lignification
                  | {!q}, a +0 leather armour, a +2 buckler; and the following
                  | spell memorised: Sting; and the following spells available
                  | to memorise: Mephitic Cloud.
     0 | D:1      | Reached XP level 1. HP: 19/19 MP: 6/6
     0 | D:1      | magus.rc [v1.9.6]
    66 | D:1      | You pick up a book of the Hunter and begin reading...
    66 | D:1      | You add the spells Sigil of Binding, Call Canine Familiar,
                  | Dimensional Bullseye and Leda's Liquefaction to your
                  | library.
   192 | D:1      | Reached XP level 2. HP: 20/27 MP: 8/8
   220 | D:1      | Reached skill level 4 in Fighting
   286 | D:1      | You pick up a book of Armaments and begin reading...
   286 | D:1      | You add the spells Stone Arrow, Animate Armour and
                  | Lehudib's Crystal Spear to your library.
   429 | D:2      | Reached XP level 3. HP: 26/33 MP: 9/9
   482 | D:2      | HP: 8/34 [kobold/+0 whip (3)]
   484 | D:2      | HP: 1/34 [kobold/+0 whip (3)]
   486 | D:2      | Slain by a kobold

Vanquished Creatures
  2 dart slugs (D:1)
  2 endoplasms
  2 giant cockroaches (D:1)
  2 goblins
  2 hobgoblins
  A quokka (D:1)
  A bat (D:2)
  A kobold (D:1)
  A rat (D:2)
14 creatures vanquished.

Table legend:
 A = Non-vault XP
 B = Vault XP
 C = Vault XP percentage of total XP
 D = Non-vault monster count
 E = Vault monster count
 F = Vault count percentage of total count
                 A         B        C        D         E       F
            +---------+---------+-------+---------+---------+-------
      Total |      27 |       2 |   6.9 |      13 |       1 |   7.1
            +---------+---------+-------+---------+---------+-------
        D:1 |      21 |       0 |   0.0 |       9 |       0 |   0.0
        D:2 |       6 |       2 |  25.0 |       4 |       1 |  20.0
            +---------+---------+-------+---------+---------+-------

Skill      XL: |  1  2 |
---------------+-------+-----
Fighting       | 4 |  4.4
Armour         | |  1.1
Shields        | |  3.2
Spellcasting   | |  4.0

Action                     || total
---------------------------++-------
  Melee: Club              ||    69
 Armour: Leather armour    ||    44
  Dodge: Dodged            ||    28
  Block: Buckler           ||    24

Illustrated notes

Table legend:
 A = Kills in this place as a percentage of kills in the entire game.
 B = Kills by you in this place as a percentage of kills by you in the entire game.
 C = Kills by friends in this place as a percentage of kills by friends in the entire game.
 D = Other kills in this place as a percentage of other kills in the entire game.
 E = Experience gained in this place as a percentage of experience gained in the entire game.
 F = Experience gained in this place divided by the number of levels of this place that you have seen.
                   A       B       C       D       E      F
               +-------+-------+-------+-------+-------+----------------------
         Total | 100.0 | 100.0 |   N/A |   N/A | 100.0 |  14.5
       Dungeon | 100.0 | 100.0 |   N/A |   N/A | 100.0 |  14.5
               +-------+-------+-------+-------+-------+----------------------

Table legend: (Time is in decaauts)
 A = Elapsed time spent in this place.
 B = Non-inter-level travel time spent in this place.
 C = Inter-level travel time spent in this place.
 D = Time resting spent in this place.
 E = Time spent auto-exploring this place.
 F = Levels seen in this place.
 G = Mean time per level.
                   A        B        C        D        E       F      G
               +--------+--------+--------+--------+--------+-----+--------+
         Total |    509 |    490 |     19 |      0 |    269 |   2 |  254.5 |
       Dungeon |    509 |    490 |     19 |      0 |    269 |   2 |  254.5 |
               +--------+--------+--------+--------+--------+-----+--------+

Top non-repeatable levels by time:
     D:1: 399 daAuts
     D:2: 109 daAuts
